 Dungeon Crawl Stone Soup version 0.11.3 (console) character file.

3890 Lightli the Cleaver (level 10, -7/72 HPs)
             Began as a Human Stalker on June 20, 2022.
             Was a Priest of Okawaru.
             Killed by divine providence
             ... invoked by an orc priest
              (13 damage)
             ... on Level 8 of the Dungeon.
             The game lasted 00:23:43 (10768 turns).

Lightli the Cleaver (Human Stalker)                Turns: 10768, Time: 00:23:43

HP  -7/72        AC 15     Str 14      XL: 10   Next: 29%
MP  12/12        EV  9     Int 12      God: Okawaru [***...]
Gold 360         SH  0     Dex 15      Spells:  2 memorised,  8 levels left

Res.Fire  : . . .   See Invis. : .   M - +0,+1 dwarf war axe
Res.Cold  : . . .   Warding    : .   r - +2 dwarf ring mail (curse)
Life Prot.: . . .   Conserve   : .   (no shield)
Res.Poison: +       Res.Corr.  : .   (no helmet)
Res.Elec. : .       Clarity    : +   t - +1 cloak {rPois}
Sust.Abil.: . .     Spirit.Shd : .   (no gloves)
Res.Mut.  : .       Stasis     : .   q - +0 pair of elf boots
Res.Rott. : .       Ctrl.Telep.: .   p - amulet of clarity
Saprovore : . . .   Levitation : .   i - +3 ring of protection Ctrl.Flight: .
                                     u - ring of sustenance

@: somewhat resistant to hostile enchantments, fairly stealthy
A: no striking features
a: Heroism, Renounce Religion


You were on level 8 of the Dungeon.
You worshipped Okawaru.
Okawaru was greatly pleased with you.
You were not hungry.

You visited 1 branch of the dungeon, and saw 8 of its levels.
You also visited: Ossuary.

You collected 340 gold pieces.

Inventory:

Hand weapons
 a - a +2,+2 dagger {=f}
 G - a cursed +1,+0 orcish hand axe of freezing (quivered)
 M - a +0,+1 dwarven war axe (weapon)
Armour
 k - a cursed +0 orcish leather armour
 o - a cursed +0 chain mail
 q - a +0 pair of elven boots (worn)
 r - a cursed +2 dwarven ring mail (worn)
 t - a +1 cloak of poison resistance (worn)
 w - the -2 helmet "Ageov" {rElec rPois Dex+3 Int+3}
   (You found it on level 4 of the Dungeon)

   It affects your intelligence (+3).
   It affects your dexterity (+3).
   It insulates you from electricity.
   It protects you from poison.
 K - a cursed +0 buckler
Magical devices
 g - a wand of slowing (2)
 L - a wand of confusion (0)
Comestibles
 c - 2 rotting chunks of giant eyeball flesh
 f - 2 bread rations
 n - a meat ration
Scrolls
 h - a scroll of amnesia
 j - a scroll of fear
 l - 2 scrolls of remove curse
 A - 3 scrolls of random uselessness
Jewellery
 i - a +3 ring of protection (right hand)
 p - an amulet of clarity (around neck)
 u - a ring of sustenance (left hand)
 x - a +1 ring of strength
Potions
 b - 2 potions of degeneration
 e - 8 potions of confusion
 z - 2 potions of curing
 C - a potion of agility
 D - 2 potions of restore abilities
 F - a potion of brilliance
Books
 d - a book of Stalking

   Spells                             Type                      Level
   *Fulsome Distillation              Transmutation/Necromancy     1
   *Evaporate                         Fire/Transmutation           2
   Passwall                           Transmutation/Earth          3
   Petrify                            Transmutation/Earth          4
   Dig                                Transmutation/Earth          4
 s - a book of Cantrips

   Spells                             Type                      Level
   Confusing Touch                    Hexes                        1
   Animate Skeleton                   Necromancy                   1
   Summon Small Mammals               Summoning                    1
   Apportation                        Translocation                1


   Skills:
 - Level 6.1 Fighting
 - Level 1.0 Short Blades
 - Level 10.0 Axes
 + Level 5.8 Armour
 - Level 2.0 Dodging
 - Level 2.0 Stealth
 - Level 2.0 Stabbing
 - Level 1.0 Spellcasting
 - Level 2.0 Transmutations


You had 8 spell levels left.
You knew the following spells:

 Your Spells              Type           Power        Failure   Level  Hunger
a - Fulsome Distillation  Trmt/Necr      N/A          80%         1    ##.....
b - Evaporate             Fire/Trmt      #......      94%         2    ###....


Dungeon Overview and Level Annotations

Branches:
Dungeon (8/27)             Temple (0/1) D:4             Orc (0/4) D:8
   Lair: D:8-13

Altars:
Ashenzari
Nemelex Xobeh
Okawaru
Trog

Annotations
D:8 Dowan, Duvessa


Message History

The orc hits you but does no damage.
You closely miss the orc priest.
The orc priest is lightly wounded.
The iguana bites you! The orc priest barely misses you.
The orc hits you but does no damage.
You hit the orc priest but do no damage.
The orc priest is lightly wounded.
The iguana bites you.
The orc priest mumbles some strange prayers to Beogh against you.
Something smites you!
* * * LOW HITPOINT WARNING * * *
The orc hits you with an orcish hand axe.
* * * LOW HITPOINT WARNING * * *
The iguana bites you.
* * * LOW HITPOINT WARNING * * *
The orc cheers loudly.
There is an open door here.
The orc priest mumbles some strange prayers to Beogh against you.
Something smites you!
You die...

..... .a## #.>.. .....
#.... .#.# #...#
#####...####### .#
........#.....#
######.#'
#....#.....###.........
#..ool.......'.........
#.#.##@....###.........
#. #.....#......#.... #.
#.....#........### #.
#.....#........... #+#
#. #######.........##
#...... #. #.........#
#........ #. #.(.......#
##...... ..##.#
####.........# #......
...##.###..........(...#


You could see an iguana, an orc priest and an orc.

Vanquished Creatures
  A troll (D:6)
  4 soldier ants (D:8)
  A hippogriff (D:8)
  Menkaure (D:7)
  2 ice beasts
  2 sky beasts
  8 ogres
  2 orc warriors
  A centaur (D:6)
  4 centaur zombies (Ossuary)
  A water moccasin zombie (D:7)
  A basilisk zombie (D:8)
  A giant frog (D:6)
  A crimson imp (D:7)
  2 hounds
  A big kobold zombie (Ossuary)
  5 worker ants
  A gnoll shaman (D:7)
  A scorpion (D:4)
  6 orc priests
  6 orc wizards
  2 jellies
  5 mummies (Ossuary)
  3 gnolls (D:7)
  7 adders
  An iguana skeleton (D:8)
  A giant mite (D:4)
  A worm (D:4)
  3 giant eyeballs
  3 giant geckos
  18 orcs
  18 bats
  6 goblins
  11 hobgoblins
  10 jackals
  14 kobolds
  2 quokkas
  7 giant cockroaches
  6 giant newts
  A goblin zombie (Ossuary)
  A hobgoblin zombie (Ossuary)
  A jackal skeleton (D:4)
  A jackal zombie (D:5)
  A kobold zombie (Ossuary)
  An orc skeleton (D:7)
  18 rats
  A rat skeleton (D:4)
  A rat zombie (D:5)
  2 toadstools
198 creatures vanquished.

Vanquished Creatures (collateral kills)
  A crimson imp (D:5)
  A worker ant zombie (D:5)
  3 orcs (D:5)
  A kobold (D:5)
6 creatures vanquished.

Vanquished Creatures (others)
  2 orcs
  A quokka (D:8)
  A giant newt (D:3)
  2 rats
  3 toadstools
9 creatures vanquished.

Grand Total: 213 creatures vanquished

Notes
Turn   | Place    | Note
--------------------------------------------------------------
     0 | D:1      | Lightli, the Human Stalker, began the quest for the Orb.
     0 | D:1      | Reached XP level 1. HP: 15/15 MP: 1/1
   166 | D:1      | Reached XP level 2. HP: 4/21 MP: 2/2
   879 | D:2      | Reached XP level 3. HP: 11/27 MP: 3/3
   900 | D:2      | HP: 1/27 [poisoned by an adder]
  1232 | D:2      | Reached skill level 3 in Fighting
  1245 | D:2      | Found an iron altar of Okawaru.
  1261 | D:2      | Became a worshipper of Warmaster Okawaru
  1490 | D:2      | Learned a level 2 spell: Evaporate
  1714 | D:3      | Reached XP level 4. HP: 33/33 MP: 5/5
  2098 | D:3      | Reached skill level 1 in Axes
  2441 | D:3      | Reached XP level 5. HP: 13/39 MP: 6/6
  3316 | D:4      | Got a blackened helmet
  3319 | D:4      | Identified the cursed -2 helmet "Ageov" (You found it on level 4 of the Dungeon)
  3372 | D:4      | Reached XP level 6. HP: 25/45 MP: 7/7
  3449 | D:4      | Reached skill level 4 in Axes
  3481 | D:4      | Found a staircase to the Ecumenical Temple.
  4215 | D:5      | Entered Level 5 of the Dungeon
  4316 | D:5      | Found a sparkling altar of Nemelex Xobeh.
  4337 | D:5      | Reached skill level 5 in Axes
  4935 | D:6      | Reached XP level 7. HP: 40/51 MP: 8/8
  4937 | D:6      | Acquired Okawaru's first power
  5121 | D:5      | Reached skill level 6 in Axes
  5229 | D:5      | Found a bloodstained altar of Trog.
  5586 | D:5      | Reached skill level 7 in Axes
  5752 | D:5      | Reached XP level 8. HP: 43/57 MP: 7/10
  5858 | D:6      | Noticed a troll
  6222 | D:6      | Reached skill level 8 in Axes
  6382 | D:6      | Found a sand-covered staircase.
  6399 | Ossuary  | Entered an ossuary
  7161 | D:6      | Noticed an ice beast
  7184 | D:6      | Killed an ice beast
  7184 | D:6      | Reached skill level 9 in Axes
  7408 | D:6      | Reached XP level 9. HP: 8/62 MP: 8/11
  8092 | D:7      | Reached skill level 10 in Axes
  8631 | D:6      | Killed a troll
  8631 | D:6      | Reached skill level 5 in Fighting
  9052 | D:8      | Noticed Dowan
  9055 | D:8      | Noticed Duvessa
  9072 | D:7      | Noticed Menkaure
  9088 | D:7      | Killed Menkaure
  9170 | D:7      | Identified a scroll of acquirement
  9687 | D:8      | Paralysed by a giant eyeball for 2 turns
 10001 | D:8      | Reached XP level 10. HP: 69/72 MP: 9/12
 10104 | D:8      | Noticed a queen ant
 10356 | D:8      | Found a staircase to the Orcish Mines.
 10573 | D:8      | Reached skill level 5 in Armour
 10582 | D:8      | Found a shattered altar of Ashenzari.
 10768 | D:8      | Killed from afar by an orc priest
